 Dungeon Crawl Stone Soup version 0.28-a0-1117-g0bdd5ba030 (webtiles) character file.

Game seed: 6551972410368182126

18 spiderkeys the Skirmisher (level 2, 0/25 HPs)
             Began as a Djinni Abyssal Knight on Dec 12, 2021.
             Was a Follower of Lugonu.
             Slain by an orc wizard (3 damage)
             ... on level 2 of the Dungeon.
             The game lasted 00:01:40 (988 turns).

spiderkeys the Skirmisher (Djinni Abyssal Knight)    Turns: 988, Time: 00:01:41

Health: 0/25       AC:  3    Str: 12    XL:     2   Next: 90%
Gold:   14         EV: 12    Int: 17    God:    Lugonu [*.....] SH:  0 Dex: 13

rFire   + + +      SeeInvis .   a - +2 falchion
rCold   x . .      Faith    .   (no shield)
rNeg    . . .      Spirit   .   b - +0 leather armour
rPois   ∞          Reflect  .   (no helmet)
rElec   .          Harm     .   (no cloak)
rCorr   .          Rampage  .   (no gloves)
Will    .....                   (boots unavailable)
Stlth   +.........              (no amulet)
HPRegen 0.08/turn               I - +6 ring of intelligence
MPRegen 0.00/turn               F - ring of protection from fire

@: brilliant, flying
A: sickness immunity, fire resistance 2, cold vulnerability 1, float, innate
caster, hp casting, extra vitality 1
a: Renounce Religion, Depart the Abyss


You were on level 2 of the Dungeon.
You worshipped Lugonu.
Lugonu was aware of your devotion.
You visited 1 branch of the dungeon, and saw 2 of its levels.
You visited the Abyss 1 time.

You collected 14 gold pieces.


Innate Abilities, Weirdness & Mutations

You are immune to sickness and miasma.
You are immune to poison.
Your flesh is very heat resistant. (rF++)
You are vulnerable to cold. (rC-)
You float through the air rather than walking.
You learn spells naturally, not from books.
Your magical power is your life essence.
You have superior vitality. (+4 HP)


   Skills:
 + Level 3.1 Fighting
 + Level 2.0 Long Blades
 - Level 1.0 Armour
 + Level 2.5 Dodging
 * Level 0.9 Spellcasting
 - Level 1.7 Invocations


You had 2 spell levels left.
You didn't know any spells.
Your spell library was empty.

Inventory:

Hand Weapons
 a - a +2 falchion (weapon)
 j - a +1 dagger of speed
   (You took it off a kobold on level 1 of the Dungeon)
Missiles
 d - 34 arrows
 g - 16 stones
Armour
 b - a +0 leather armour (worn)
Jewellery
 F - a ring of protection from fire (right hand)
   (You found it on level 2 of the Abyss)
 I - a +6 ring of intelligence (left hand)
   (You found it on level 2 of the Abyss)
Wands
 c - a wand of digging (4)
   (You found it on level 2 of the Abyss)
Scrolls
 h - 2 scrolls of identify {@r1}
 i - a scroll of silence {!r}
Potions
 f - 2 potions of might

Dungeon Overview and Level Annotations

Branches:
Dungeon (1/15)

Altars:

.........# #. #.......#
#..####.......#########
#..#......#.#..........
.........'............
#......#.#..........
#......#.##.#.......
#.#......#.##.#.......
#...o@...#.##.#.......
#...o....#.##.#.......
#.....)..#.##.#.......
#.#.######.##.#.......
# #. #.##......... ##
#########. .


You could see an orc wizard and an orc.


Message History

Lugonu accepts your kill.
No target in view!
No target in view!
Things that are here:
a +0 short sword; a kobold corpse A bat comes into view.
As you read the scroll of identify {@r1}, it crumbles to dust.
i - a scroll of silence The bat barely misses you.
You hit the bat but do no damage. The bat barely misses you. x2
You barely miss the bat. The bat misses you.
You barely miss the bat. The bat barely misses you. The bat misses you.
The bat barely misses you.
A bat is nearby!
The bat barely misses you. The bat closely misses you.
You miss the bat. The bat barely misses you.
The bat hits you but does no damage. The bat closely misses you.
The bat hits you but does no damage. The bat hits you but does no damage.
The bat closely misses you.
You barely miss the bat. The bat misses you.
You hit the bat. The bat hits you but does no damage.
You hit the bat.
You kill the bat!
Lugonu accepts your kill.
No target in view!
No target in view!
You now have 8 gold pieces.
You now have 14 gold pieces (gained 6).
A sudden malevolence fills the Dungeon...
You are sucked into a shaft and drop 1 floor!
The shaft crumbles and collapses.
Unknown command.
g - 16 stones (gained 6)
You reach down and open the door.
An orc comes into view. It is wielding a +0 club.
The orc shouts!
You hear a shout!
The orc moves out of view.
An orc wizard comes into view. It is wielding a +0 dagger.
There is an open door here.
The orc wizard hits you with a +0 dagger. 😕 HP[-2]
You take 2 damage, and now have 23/25 hp.
You hit the orc wizard. You hit the orc wizard.
The orc wizard barely misses you. The orc barely misses you.
You completely miss the orc wizard. The orc wizard closely misses you.
You barely miss the orc wizard. The orc closely misses you.
You hit the orc wizard. The orc wizard barely misses you.
The orc barely misses you.
You hit the orc wizard but do no damage.
a - a +2 falchion (weapon)
The orc wizard hits you with a +0 dagger.
The orc hits you but does no damage. 😕 HP[-4]
You take 4 damage, and now have 19/25 hp.
You barely miss the orc wizard.
The orc wizard hits you with a +0 dagger.
The orc closely misses you. 😮 HP[-1]
You take 1 damage, and now have 18/25 hp.
You are too injured to fight recklessly!
You are too injured to fight recklessly!
You are too injured to fight recklessly!
You barely miss the orc wizard.
The orc wizard hits you but does no damage.
The orc hits you with a +0 club. 😮 HP[-2]
You take 2 damage, and now have 16/25 hp.
You closely miss the orc wizard. The orc wizard misses you.
The orc hits you with a +0 club. 😮 HP[-3]
You take 3 damage, and now have 13/25 hp.
You hit the orc wizard.
The orc wizard hits you with a +0 dagger.
* * * LOW HITPOINT WARNING * * *
The orc hits you with a +0 club.
* * * LOW HITPOINT WARNING * * *
The orc wizard hits you but does no damage. 😨 HP[-5]
You take 5 damage, and now have 8/25 hp.
You completely miss the orc wizard. The orc closely misses you.
The orc wizard barely misses you. The orc barely misses you.
You barely miss the orc wizard.
The orc wizard points at you and mumbles some strange words.
The magic dart hits you.
* * * LOW HITPOINT WARNING * * *
The orc closely misses you. 😱 HP[-6]
You take 6 damage, and now have 2/25 hp.
MASSIVE DAMAGE!! (PAUSE)
You miss the orc wizard.
The orc wizard hits you but does no damage.
The orc hits you but does no damage. 😱 HP[+1] It was a potion of brilliance.
You feel clever all of a sudden.
The orc wizard hits you with a +0 dagger.
You die...

Skill      XL: |  1  2 |
---------------+-------+-----
Long Blades    | 2 |  2.0
Fighting       | |  3.1
Armour         | |  1.0
Dodging        | |  2.5
Spellcasting   | |  0.9
Invocations    | |  1.7

Action                   || total
-------------------------++-------
Melee: Falchion          ||    37
       Dagger            ||    18
Invok: Depart the Abyss  ||     1
  Use: Scroll            ||     3
       Potion            ||     1
Armor: Leather armour    ||    24
Dodge: Dodged            ||    53

Levels and vault maps discovered:
D:1:      dpeg_arrival_tiny_i, layout_loops_cross, minmay_close_crescents
D:2:      layout_basic, basic_altar, uniq_natasha, uniq_terence, uniq_jessica

Notes
Turn   | Place    | Note
-------+----------+-------------------------------------------
     0 | Abyss:1  | spiderkeys the Djinni Abyssal Knight began the quest for
                  | the Orb.
     0 | Abyss:1  | Reached XP level 1. HP: 20/20 MP: 0/0
     0 | Abyss:1  | magus.rc [v1.9.10]
    12 | Abyss:1  | Found a corrupted altar of Lugonu.
    66 | Abyss:2  | Noticed a quasit
    83 | Abyss:2  | Noticed a large abomination
    97 | Abyss:2  | HP: 2/20 [large abomination (18)]
    98 | D:1      | You pass through the gate.
    98 | D:1      | Escaped the Abyss
   639 | D:1      | Reached XP level 2. HP: 19/25 MP: 0/0
   722 | D:1      | Reached * piety under Lugonu
   789 | D:1      | Reached skill level 2 in Long Blades
   953 | D:1      | You are sucked into a shaft and drop 1 floor!
   986 | D:2      | HP: 2/25 [orc wizard/magic dart (6)]
   988 | D:2      | Slain by an orc wizard

Vanquished Creatures
  2 endoplasms (D:1)
  A giant cockroach (D:1)
  2 goblins (D:1)
  4 kobolds (D:1)
  A quokka (D:1)
  A ball python (D:1)
  3 bats (D:1)
  3 frilled lizards (D:1)
  A rat (D:1)
18 creatures vanquished.

Table legend:
 A = Non-vault XP
 B = Vault XP
 C = Vault XP percentage of total XP
 D = Non-vault monster count
 E = Vault monster count
 F = Vault count percentage of total count
                 A         B        C        D         E       F
            +---------+---------+-------+---------+---------+-------
      Total |      19 |       8 |  29.6 |      12 |       6 |  33.3
            +---------+---------+-------+---------+---------+-------
        D:1 |      19 |       8 |  29.6 |      12 |       6 |  33.3
            +---------+---------+-------+---------+---------+-------

Illustrated notes

Table legend:
 A = Kills in this place as a percentage of kills in entire the game.
 B = Kills by you in this place as a percentage of kills by you in the entire game.
 C = Kills by friends in this place as a percentage of kills by friends in the entire game.
 D = Other kills in this place as a percentage of other kills in the entire game.
 E = Experience gained in this place as a percentage of experience gained in the entire game.
 F = Experience gained in this place divided by the number of levels of this place that you have seen.
                   A       B       C       D       E      F
               +-------+-------+-------+-------+-------+----------------------
         Total | 100.0 | 100.0 |   N/A |   N/A | 100.0 |   6.8
       Dungeon | 100.0 | 100.0 |   N/A |   N/A | 100.0 |  13.5
               +-------+-------+-------+-------+-------+----------------------

Table legend: (Time is in decaauts)
 A = Elapsed time spent in this place.
 B = Non-inter-level travel time spent in this place.
 C = Inter-level travel time spent in this place.
 D = Time resting spent in this place.
 E = Time spent auto-exploring this place.
 F = Levels seen in this place.
 G = Mean time per level.
                   A        B        C        D        E       F      G
               +--------+--------+--------+--------+--------+-----+--------+
         Total |    986 |    986 |      0 |    302 |    472 |   4 |  246.5 |
       Dungeon |    888 |    888 |      0 |    302 |    460 |   2 |  444.0 |
         Abyss |     97 |     97 |      0 |      0 |     12 |   2 |   48.5 |
               +--------+--------+--------+--------+--------+-----+--------+

Top non-repeatable levels by time:
     D:1: 855 daAuts
 Abyss:2: 75 daAuts
     D:2: 33 daAuts
 Abyss:1: 22 daAuts
